 Dungeon Crawl Stone Soup version 0.20.1-1-g8b1a95d (webtiles) character file.

97 Lanoc the Chucker (level 4, -5/35 HPs)
             Began as a Mummy Hunter on Nov 29, 2017.
             Was an Initiate of Nemelex Xobeh.
             Slain by a worker ant (7 damage)
             ... on level 2 of the Dungeon.
             The game lasted 00:08:07 (1641 turns).

Lanoc the Chucker (Mummy Hunter)                    Turns: 1641, Time: 00:08:08

Health: -5/35      AC:  5    Str: 15    XL:     4   Next: 42%
Magic:  4/4        EV: 12    Int: 10    God:    Nemelex Xobeh [......]
Gold:   55         SH:  0    Dex: 13    Spells: 3/3 levels left

rFire    x . .     SeeInvis .   l - +0 long sword
rCold    + . .     Gourm    .   (no shield)
rNeg     + + +     Faith    .   b - +0 leather armour
rPois    ∞         Spirit   .   h - +2 hat
rElec    .         Reflect  .   (no cloak)
rCorr    .         Harm     +   (no gloves)
MR       .....                  (no boots)
Stlth    ..........             f - amulet of harm
Regen    0.2/turn               g - ring of loudness (curse)
MPRegen  0.1/turn               (no ring)

@: no status effects
A: no food or potions, fire vulnerability, cold resistance 1, negative energy
resistance 3, torment resistance, unbreathing
a: Renounce Religion


You were on level 2 of the Dungeon.
You worshipped Nemelex Xobeh.
Nemelex Xobeh was noncommittal.
You were not hungry.

You visited 1 branch of the dungeon, and saw 2 of its levels.

You collected 55 gold pieces.

Inventory:

Hand Weapons
 l - a +0 long sword (weapon)
Missiles
 d - a throwing net (quivered)
 e - 19 poisoned needles
Armour
 b - a +0 leather armour (worn)
 h - a +2 hat (worn)
Jewellery
 f - an amulet of harm (around neck)
 g - a cursed ring of loudness (left hand)
 i - an uncursed ring of fire {unknown}
Scrolls
 a - a scroll of teleportation {unknown}
 c - a scroll of magic mapping {unknown}
Miscellaneous
 j - a plain deck of summoning {drawn: 1}


   Skills:
 + Level 3.0 Fighting
 * Level 4.1 Throwing
 + Level 2.2 Dodging
 - Level 0.7 Stealth


You had 3 spell levels left.
You didn't know any spells.

Dungeon Overview and Level Annotations

Branches:
Dungeon (2/15)

Altars:
Nemelex Xobeh


Innate Abilities, Weirdness & Mutations

You do not eat or drink.
Your flesh is vulnerable to fire.
You are immune to poison.
Your flesh is cold resistant. (rC+)
You are immune to negative energy. (rN+++)
You are immune to unholy pain and torment.
You can survive without breathing.


Message History

The worker ant is severely wounded.
The worker ant bites you.
You closely miss the worker ant.
The worker ant is severely wounded.
The worker ant bites you!
* * * LOW HITPOINT WARNING * * *
You closely miss the worker ant.
The worker ant is severely wounded.
The worker ant barely misses you. x2
You completely miss the worker ant.
The worker ant is severely wounded.
The worker ant bites you.
* * * LOW HITPOINT WARNING * * *
The worker ant bites you.
* * * LOW HITPOINT WARNING * * *
You barely miss the worker ant.
The worker ant is heavily wounded.
The worker ant bites you.
You die...
Your body disappears without a glow.

########### #.........#
##.#.##.#..# #############
#...#..#...# #...........#
#..#.##(#..###
#.#########.####..#.##.#.!...
#####.# #.@a.....#..#..####
#.....# #..####.#.##.#.#
#.#####
#######..####........# # #.#
#..........).)#..##### #
#.#######.#####..###.##.## #
.................# #..... #
##.######.#####.#########. ##
##.# #...............#.. ..
##.#######.######.###.#.# ##
##


You could see a worker ant.

Vanquished Creatures
  2 adders (D:2)
  A worm (D:2)
  3 dart slugs (D:1)
  A leopard gecko (D:2)
  3 giant cockroaches
  8 goblins
  9 hobgoblins
  10 jackals (D:2)
  A kobold (D:1)
  3 bats
  2 frilled lizards
  6 rats
49 creatures vanquished.

Vanquished Creatures (collateral kills)
  An adder (D:2)
  A gnoll (D:2)
  A bat (D:2)
  A kobold (D:2)
  A rat (D:2)
5 creatures vanquished.

Grand Total: 54 creatures vanquished

Notes
Turn   | Place    | Note
-------+----------+-------------------------------------------
     0 | D:1      | Lanoc the Mummy Hunter began the quest for the Orb.
     0 | D:1      | Reached XP level 1. HP: 16/16 MP: 1/1
   156 | D:1      | Reached XP level 2. HP: 16/23 MP: 2/2
   400 | D:1      | Reached XP level 3. HP: 26/28 MP: 3/3
   485 | D:1      | Found a sparkling altar of Nemelex Xobeh.
   517 | D:1      | Became a worshipper of Nemelex Xobeh the Trickster
   766 | D:2      | Received a gift from Nemelex Xobeh
  1164 | D:2      | Reached skill level 4 in Throwing
  1360 | D:2      | Reached XP level 4. HP: 34/34 MP: 4/4
  1641 | D:2      | Slain by a worker ant

Skill      XL: |  1  2  3  4 |
---------------+-------------+-----
Dodging        | 2 |  2.2
Throwing       | 4 |  4.1
Fighting       | 3 |  3.0
Stealth        | |  0.7

Action                   |  1- 3 |  4- 6 || total
-------------------------+-------+-------++-------
Melee: Short sword       |    70 |    12 ||    82
       Long sword        |       |    38 ||    38
Throw: Javelin           |    63 |     3 ||    66
       Throwing net      |     2 |       ||     2
Evoke: Deck              |     1 |       ||     1
  Use: Scroll            |     3 |       ||     3
Armor: Leather armour    |    20 |    18 ||    38
Dodge: Dodged            |    56 |    36 ||    92
       Rpst.: Long sword |       |     8 ||     8
